[Event "Estonian Women's Chess Championship 2025"]
[Site "Tallinn, EE"]
[Date "2025.12.12"]
[Round "1.2"]
[White "Olde, Margareth"]
[Black "Reren, Alexis Miriam"]
[Result "1-0"]
[Board "1"]
[TimeControl "5400+30"]
[WhiteFideId "4503082"]
[BlackFideId "4521765"]
[WhiteTitle "WIM"]
[WhiteElo "2214"]
[BlackElo "1620"]
[WhiteTeam "EST"]
[BlackTeam "EST"]
[WhiteClock "1:16:57"]
[BlackClock "0:57:10"]
[Variant "Standard"]

1. Nf3 d5 2. e3 e6 3. b3 Nf6 4. Bb2 Be7 5. d4 O-O 6. Bd3 b6 7. Ne5 Bb7 8. O-O Nbd7 9. f4 c5 10. Nd2 a6 11. Qf3 Rc8 12. g4 b5 13. g5 Nxe5 14. dxe5 Nd7 15. Bxh7+ Kxh7 16. Qh5+ Kg8 17. Rf3 f6 18. g6 fxe5 19. Qh7# 1-0

[Event "Estonian Women's Chess Championship 2025"]
[Site "Tallinn, EE"]
[Date "2025.12.11"]
[Round "1.1"]
[White "Blokhin, Sofia"]
[Black "Shadrina, Eva"]
[Result "1-0"]
[Board "2"]
[TimeControl "5400+30"]
[WhiteFideId "4508190"]
[BlackFideId "4510623"]
[WhiteTitle "WFM"]
[BlackTitle "WCM"]
[WhiteElo "2095"]
[BlackElo "1919"]
[WhiteTeam "EST"]
[BlackTeam "EST"]
[WhiteClock "0:16:47"]
[BlackClock "0:00:47"]
[Variant "Standard"]

1. d4 d5 2. c4 e6 3. Nc3 Nf6 4. e3 Be7 5. cxd5 exd5 6. Bd3 O-O 7. Nge2 b6 8. O-O c5 9. dxc5 bxc5 10. e4 d4 11. Nb5 a6 12. Na3 Bb7 13. f3 Nc6 14. Ng3 Ne5 15. Bb1 d3 16. Nf5 c4 17. Nxe7+ Qxe7 18. Bd2 Rac8 19. Bc3 Qc5+ 20. Kh1 Rc6 21. Qd2 Re8 22. Rc1 Nh5 23. Bxe5 Rxe5 24. g4 Nf6 25. Bxd3 Qa7 26. Nxc4 Rec5 27. b4 Nxg4 28. bxc5 Qxc5 29. fxg4 Rf6 30. Na5 Qa7 31. Nxb7 Qxb7 32. Qc2 1-0

[Event "Estonian Women's Chess Championship 2025"]
[Site "Tallinn, EE"]
[Date "2025.12.12"]
[Round "1.2"]
[White "Shadrina, Eva"]
[Black "Blokhin, Sofia"]
[Result "0-1"]
[Board "2"]
[TimeControl "5400+30"]
[WhiteFideId "4510623"]
[BlackFideId "4508190"]
[WhiteTitle "WCM"]
[BlackTitle "WFM"]
[WhiteElo "1919"]
[BlackElo "2095"]
[WhiteTeam "EST"]
[BlackTeam "EST"]
[WhiteClock "0:15:09"]
[BlackClock "0:22:22"]
[Variant "Standard"]

1. e4 c5 2. Nf3 d6 3. d4 cxd4 4. Nxd4 Nf6 5. Nc3 g6 6. Be3 Bg7 7. f3 O-O 8. Qd2 Nc6 9. Bc4 Bd7 10. O-O-O Rb8 11. Bb3 Na5 12. h4 h5 13. Bh6 Nxb3+ 14. Nxb3 a5 15. Nd4 Kh7 16. Bxg7 Kxg7 17. g4 Rh8 18. g5 Ne8 19. f4 b5 20. f5 Nc7 21. Rhf1 Rf8 22. f6+ Kg8 23. Nd5 Nxd5 24. exd5 Re8 25. fxe7 Rxe7 26. Nc6 Bxc6 27. dxc6 Re6 28. Qd5 Qe7 29. Rf6 Rxf6 30. gxf6 Qxf6 31. c7 Rc8 32. Qb7 Qf4+ 33. Kb1 Qf5 34. Qc6 Qg4 35. Re1 Qc4 36. Re8+ Rxe8 37. Qxe8+ Kg7 38. Qe3 Qxc7 39. Qd4+ Kh7 40. Qf2 Qe7 41. b3 Kg7 42. Qd4+ Qe5 43. Qxe5+ dxe5 44. c4 bxc4 45. bxc4 g5 46. c5 Kf8 0-1

[Event "Estonian Women's Chess Championship 2025"]
[Site "Tallinn, EE"]
[Date "2025.12.11"]
[Round "1.1"]
[White "Narva, Regina"]
[Black "Tsiganova, Monika"]
[Result "1/2-1/2"]
[Board "3"]
[TimeControl "5400+30"]
[WhiteFideId "4500237"]
[BlackFideId "4500199"]
[WhiteTitle "WFM"]
[BlackTitle "WIM"]
[WhiteElo "1947"]
[BlackElo "2055"]
[WhiteTeam "EST"]
[BlackTeam "EST"]
[WhiteClock "0:11:20"]
[BlackClock "0:30:43"]
[Variant "Standard"]

1. e4 c6 2. d4 d5 3. Nc3 dxe4 4. Nxe4 Nd7 5. Nf3 Ngf6 6. Nxf6+ Nxf6 7. h3 e6 8. Bd3 Be7 9. c3 Qc7 10. O-O O-O 11. Ne5 c5 12. Qf3 cxd4 13. cxd4 Rd8 14. Be3 Qa5 15. Rfc1 Qd5 16. Qe2 Bd6 17. Bc4 Qe4 18. Bd3 Qh4 19. Qf3 Bxe5 20. dxe5 Rxd3 21. exf6 Qxf6 22. Qxf6 gxf6 23. Rd1 Rxd1+ 24. Rxd1 Kg7 25. Rd8 b6 26. f3 Bb7 27. Rxa8 Bxa8 28. a4 Bc6 29. a5 bxa5 30. Bxa7 a4 31. Bc5 e5 32. Bd6 Kg6 33. Kf2 Kf5 34. Ke3 Ke6 35. Bf8 h5 36. g3 f5 37. h4 Kd5 38. Bg7 Bb5 39. f4 e4 40. Be5 Bd3 41. Bf6 Kc4 42. Be5 Kb3 43. Bf6 Kc2 44. Be5 Kd1 45. Bc3 Be2 46. Kf2 Bf3 47. Ke3 Bg4 48. Kf2 Kc2 49. Bd4 Kd3 50. Bb6 Bd1 51. Ba7 Bb3 52. Bb6 Bd5 53. Ba7 Kc2 54. Bd4 Kd2 55. Be3+ Kd3 56. Bb6 Kc2 1/2-1/2

[Event "Estonian Women's Chess Championship 2025"]
[Site "Tallinn, EE"]
[Date "2025.12.12"]
[Round "1.2"]
[White "Tsiganova, Monika"]
[Black "Narva, Regina"]
[Result "0-1"]
[Board "3"]
[TimeControl "5400+30"]
[WhiteFideId "4500199"]
[BlackFideId "4500237"]
[WhiteTitle "WIM"]
[BlackTitle "WFM"]
[WhiteElo "2055"]
[BlackElo "1947"]
[WhiteTeam "EST"]
[BlackTeam "EST"]
[WhiteClock "0:24:29"]
[BlackClock "0:01:08"]
[Variant "Standard"]

1. d4 Nf6 2. Nf3 e6 3. c4 Bb4+ 4. Nbd2 b6 5. a3 Bxd2+ 6. Qxd2 Bb7 7. e3 Ne4 8. Qc2 f5 9. Bd3 O-O 10. O-O Rf6 11. b4 d6 12. Bb2 Rg6 13. d5 exd5 14. cxd5 Bxd5 15. Bc4 Bxc4 16. Qxc4+ d5 17. Rfd1 c6 18. Qc2 Nd7 19. b5 Rc8 20. bxc6 Rgxc6 21. Qd3 Rd6 22. Nd4 Ne5 23. Qe2 Qd7 24. Nb5 Re6 25. f3 Nf6 26. Bd4 Nc4 27. a4 Nxe3 28. Bxe3 f4 29. Ra3 Rce8 30. Rc1 Rxe3 31. Rxe3 Rxe3 32. Qd2 a6 33. Rc7 Qe6 34. Nd4 Qe5 35. Rc8+ Kf7 36. h3 Re1+ 37. Kh2 Qe3 38. Rc7+ Ke8 39. Qxe3+ fxe3 40. Kg3 Rd1 41. Nf5 Kd8 42. Nxe3 Rd3 43. Rc6 Rxe3 44. Rxb6 a5 45. Rb5 d4 46. Kf2 Re6 47. Rxa5 d3 48. Rb5 Re2+ 49. Kf1 Ra2 50. Rb4 Kc7 51. Rd4 Ra3 52. Kf2 Nd7 53. Ke3 Nc5 54. Rc4 Kb6 55. Rb4+ Kc6 56. Rc4 Ra2 57. Kd4 Rc2 0-1

[Event "Estonian Women's Chess Championship 2025"]
[Site "Tallinn, EE"]
[Date "2025.12.11"]
[Round "1.1"]
[White "Pritulina, Svetlana"]
[Black "Olde, Grete"]
[Result "0-1"]
[Board "4"]
[TimeControl "5400+30"]
[WhiteFideId "4500890"]
[BlackFideId "4503104"]
[WhiteTitle "WCM"]
[BlackTitle "WCM"]
[WhiteElo "2007"]
[BlackElo "1989"]
[WhiteTeam "EST"]
[BlackTeam "EST"]
[WhiteClock "0:15:59"]
[BlackClock "0:38:30"]
[Variant "Standard"]

1. Nf3 d5 2. g3 Nf6 3. Bg2 e6 4. O-O Be7 5. d4 O-O 6. c3 b6 7. Ne5 Bb7 8. Bg5 c5 9. dxc5 bxc5 10. Nd2 Nc6 11. Nxc6 Bxc6 12. Nc4 h6 13. Ne5 Bb7 14. Bxf6 Bxf6 15. Ng4 Be7 16. c4 Rb8 17. cxd5 exd5 18. Qc2 d4 19. Bxb7 Rxb7 20. b3 Qd5 21. f4 Bd6 22. Rad1 Re8 23. Rf3 Qe6 24. f5 Qxe2 25. Qxe2 Rxe2 26. Rf2 Rbe7 27. Rd2 R2e4 28. h3 h5 29. Nh2 Bxg3 30. Rf3 Bxh2+ 31. Rxh2 Re1+ 32. Rf1 Rxf1+ 33. Kxf1 Re3 34. Kf2 Re5 35. Kf3 Rxf5+ 36. Ke4 g6 37. b4 cxb4 38. Kxd4 Kg7 39. Ke4 Rc5 40. Kd4 Rc3 0-1

[Event "Estonian Women's Chess Championship 2025"]
[Site "Tallinn, EE"]
[Date "2025.12.12"]
[Round "1.2"]
[White "Olde, Grete"]
[Black "Pritulina, Svetlana"]
[Result "1/2-1/2"]
[Board "4"]
[TimeControl "5400+30"]
[WhiteFideId "4503104"]
[BlackFideId "4500890"]
[WhiteTitle "WCM"]
[BlackTitle "WCM"]
[WhiteElo "1989"]
[BlackElo "2007"]
[WhiteTeam "EST"]
[BlackTeam "EST"]
[WhiteClock "0:33:57"]
[BlackClock "0:02:54"]
[Variant "Standard"]

1. e4 d6 2. d4 Nf6 3. Nc3 g6 4. Be3 Bg7 5. Qd2 h5 6. h4 Ng4 7. Bg5 f6 8. f3 fxg5 9. fxg4 Bxg4 10. Qxg5 Rh6 11. Be2 Bxe2 12. Ngxe2 e5 13. dxe5 dxe5 14. Qxd8+ Kxd8 15. Rd1+ Ke8 16. Nb5 Na6 17. Nec3 Rd8 18. O-O Rxd1 19. Rxd1 Rh7 20. Nxa7 c6 21. Nc8 Bf8 22. Nd6+ Bxd6 23. Rxd6 Rg7 24. Re6+ Kd7 25. Rxe5 Nb4 26. Rg5 Nxc2 27. e5 Nd4 28. Ne4 Ke7 29. Nd6 Ne6 30. Rg3 b5 31. Ra3 Nc7 32. Rg3 Ke6 33. Rg5 c5 34. Kf2 Kd5 35. Ke3 Ne6 36. Rg3 b4 37. Kd3 Nf4+ 38. Ke3 Ne6 39. Kd3 Nf4+ 40. Ke3 Kxe5 1/2-1/2